 Dungeon Crawl Stone Soup version 0.24.0-123-gd5b16e6ec5 (webtiles) character file.

Game seed: 6455417083230803442, levelgen mode: deterministic

290 FishyPogo the Conjurer (level 6, -1/36 HPs)
             Began as an Octopode Conjurer on Dec 26, 2019.
             Slain by an ogre (9 damage)
             ... on level 4 of the Dungeon.
             The game lasted 00:16:33 (3519 turns).

FishyPogo the Conjurer (Octopode Conjurer)          Turns: 3519, Time: 00:16:33

Health: -1/36      AC:  2    Str:  8      XL:     6   Next: 32%
Magic:  1/10       EV: 14    Int: 17 (19) God:
Gold:   113        SH:  0    Dex: 11 (12) Spells: 0/11 levels left

rFire    . . .     SeeInvis +   i - +0 short sword
rCold    + . .     Gourm    .   (no shield)
rNeg     . . .     Faith    .   (helmet restricted)
rPois    .         Spirit   .   (no amulet)
rElec    .         Reflect  .   q - +1 ring of protection
rCorr    .         Harm     .   k - ring of see invisible
MR       .....                  h - ring of protection from cold
Stlth    +++.......             (no ring)
HPRegen  0.12/turn              (no ring)
MPRegen  0.12/turn              (no ring)
                                (no ring)
                                (no ring)

@: very slightly contaminated
A: almost no armour, stealthy swim, amphibious, 8 rings, constrict 8, camouflage
1, gelatinous body 1
a: no special abilities


You were on level 4 of the Dungeon.
You were hungry.

You visited 1 branch of the dungeon, and saw 4 of its levels.

You collected 113 gold pieces.

Inventory:

Hand Weapons
 i - a +0 short sword (weapon)
Missiles
 c - 52 poisoned darts (quivered)
 d - 141 stones
 v - 3 javelins
Jewellery
 h - a ring of protection from cold (on tentacle)
 k - a ring of see invisible (right tentacle)
 q - a +1 ring of protection (left tentacle)
Wands
 r - a wand of flame (25)
Scrolls
 f - a scroll of remove curse
 j - a scroll of teleportation
 l - 3 scrolls of identify
 n - 2 scrolls of blinking
 o - a scroll of noise
Potions
 a - 2 potions of brilliance {unknown}
 e - a potion of heal wounds
 g - a potion of resistance {unknown}
 m - a potion of haste {unknown}
 p - a potion of magic {unknown}
 s - a potion of agility {unknown}
 t - a potion of invisibility {unknown}
Comestibles
 b - 5 rations
 u - 2 chunks of flesh


   Skills:
 - Level 3.0 Dodging
 - Level 4.1 Stealth
 + Level 3.2 Spellcasting
 + Level 5.4 Conjurations
 * Level 2.1 Hexes


You couldn't memorise any spells.
You knew the following spells:

 Your Spells              Type           Power        Failure   Level  Hunger
a - Magic Dart            Conj           ###.         1%          1    None
b - Searing Ray           Conj           ###...       2%          2    ##.....
c - Dazzling Spray        Conj/Hex       ###...       11%         3    ###....
e - Ensorcelled Hibernat  Hex/Ice        #.....       17%         2    ##.....
k - Tukima's Dance        Hex            #.......     22%         3    ###....

Your spell library contained the following spells:

 Spells                   Type           Power        Failure   Level  Hunger
 Corona                   Hex            #......      7%          1    None
 Iskenderun's Mystic Bla  Conj           ###.....     19%         4    ####...
 Confuse                  Hex            #.......     22%         3    ###....
 Fulminant Prism          Conj/Hex       ###.......   34%         4    ####...
 Force Lance              Conj/Tloc      ##......     50%         4    ####...


Dungeon Overview and Level Annotations

Branches:
Dungeon (4/15)
 Temple: D:4-7

Altars:
Nemelex Xobeh
The Shining One

Shops:
D:4 %

Annotations:
D:2 Jessica


Innate Abilities, Weirdness & Mutations

You cannot wear most types of armour.
You are very stealthy in the water. (Stealth+)
You are amphibious.
You can wear up to eight rings at the same time.
You can use your tentacles to constrict eight enemies at once.
Your skin changes colour to match your surroundings (Stealth+).
Your rubbery body absorbs attacks. (AC +1, EV +1)


Message History

Aiming: Searing Ray (safe; 2% risk of failure)
Press: ? - help, Shift-Dir - straight line, p - ogre The searing ray hits the ogre.
The ogre is severely wounded. (Press . to maintain the ray.)
The ogre hits you.
The searing ray hits the ogre.
The ogre is almost dead.
The ogre hits you!
* * * LOW HITPOINT WARNING * * *
You barely miss the ogre.
The ogre is almost dead.
The ogre barely misses you.
You barely miss the ogre.
The ogre is almost dead.
The ogre closely misses you.
You hit the ogre.
The ogre is almost dead.
The ogre hits you!
You die...

####################
#........>..........
###.#####.##########
#.# #.# #....... #.#
#.###....... #.#
#...........
#.#####.###.......
#.#.s.............
#@#..[....#.......
#O#####.# #.......
#.(.(†..# #.#.#...
######### #.#...## #
###... #.####..
#......# ########


You could see an ogre and a friendly +0 giant club.

Vanquished Creatures
  A hound (D:4)
  An iguana (D:4)
  A worker ant (D:4)
  2 hound skeletons (D:4)
  Robin (D:2)
  7 adders
  An ooze (D:1)
  2 worms (D:2)
  5 dart slugs
  4 leopard geckos
  2 orcs
  2 giant cockroaches
  5 hobgoblins
  5 jackals
  9 kobolds
  4 quokkas
  7 bats
  4 frilled lizards
  16 goblins
  A quokka skeleton (D:4)
  8 rats
88 creatures vanquished.

Vanquished Creatures (collateral kills)
  A giant cockroach (D:4)
1 creature vanquished.

Grand Total: 89 creatures vanquished

Notes
Turn   | Place    | Note
-------+----------+-------------------------------------------
     0 | D:1      | FishyPogo the Octopode Conjurer began the quest for the
                  | Orb.
     0 | D:1      | Reached XP level 1. HP: 11/11 MP: 3/3
   181 | D:1      | Reached XP level 2. HP: 11/17 MP: 0/5
   277 | D:1      | Learned a level 2 spell: Searing Ray
   698 | D:1      | Reached XP level 3. HP: 21/21 MP: 4/6
   921 | D:1      | Learned a level 3 spell: Dazzling Spray
  1195 | D:2      | Noticed Robin
  1218 | D:2      | Killed Robin
  1256 | D:2      | Reached XP level 4. HP: 27/27 MP: 0/7
  1857 | D:2      | You fall into a shaft and drop 2 floors!
  1890 | D:4      | Reached skill level 5 in Conjurations
  1890 | D:4      | Reached XP level 5. HP: 11/31 MP: 2/9
  2494 | D:2      | Noticed Jessica
  2680 | D:3      | Reached skill level 1 in Hexes
  2958 | D:3      | Found a sparkling altar of Nemelex Xobeh.
  3161 | D:4      | Reached XP level 6. HP: 32/36 MP: 4/10
  3316 | D:4      | Learned a level 3 spell: Tukima's Dance
  3334 | D:4      | Found Tanaom's Food Shop.
  3407 | D:4      | Found a glowing golden altar of the Shining One.
  3500 | D:4      | Learned a level 2 spell: Ensorcelled Hibernation
  3519 | D:4      | Slain by an ogre

Levels and vault maps discovered:
D:1:      evilmike_arrival_rings, layout_basic, minmay_split_cup_large
D:2:      layout_basic, uniq_robin, uniq_jessica
D:3:      layout_loops_ring, nemelex_xobeh_ov_fountains_minmay,
          nrook_loot_triangle
D:4:      layout_basic, tso_metal_star, serial_shops, shop

Skill      XL: |  1  2  3  4  5  6 |
---------------+-------------------+-----
Stealth        | 3 4 |  4.1
Conjurations   | 5 |  5.4
Dodging        | 3 |  3.0
Hexes          | 1 2 |  2.1
Spellcasting   | 3 |  3.2

Action                   |  1- 3 |  4- 6 || total
-------------------------+-------+-------++-------
Melee: Unarmed           |    10 |       ||    10
       Constrict         |     5 |    16 ||    21
       Tentacles         |     2 |     9 ||    11
       Short sword       |    15 |    78 ||    93
Throw: Dart              |     5 |       ||     5
 Cast: Magic Dart        |    50 |    69 ||   119
       Searing Ray       |     1 |     8 ||     9
       Tukima's Dance    |       |     1 ||     1
       Ensorcelled Hiber |       |     1 ||     1
  Use: Scroll            |       |     8 ||     8
       Potion            |       |     4 ||     4
 Stab: Sleeping          |       |     7 ||     7
  Eat: Chunk             |     2 |     7 ||     9
Armor: Skin              |     3 |     9 ||    12
Dodge: Dodged            |    17 |    70 ||    87
